 Dungeon Crawl Stone Soup version 0.19-a0-1008-g4c63d25 (webtiles) character file.

52 JeffiDaFish the Firebug (level 3, -1/27 HPs)
             Began as a Draconian Fire Elementalist on July 23, 2016.
             Slain by a gnoll
             ... wielding a +0 club
              (8 damage)
             ... on level 2 of the Dungeon.
             The game lasted 00:11:03 (1093 turns).

JeffiDaFish the Firebug (DrFE)                      Turns: 1093, Time: 00:11:04

Health: -1/27      AC:  5    Str: 10    XL:     3   Next: 60%
Magic:  1/6        EV: 12    Int: 16    God:
Gold:   27         SH:  0    Dex: 11    Spells: 2 memorised, 3 levels left

rFire  . . .     SeeInvis .     i - +0 short sword
rCold  . . .     Gourm    .     (armour unavailable)
rNeg   . . .     Faith    .     (no shield)
rPois  .         Spirit   .     (helmet restricted)
rElec  .         Dismiss  .     (no cloak)
rCorr  .         Reflect  .     (no gloves)
SustAt .         Harm     .     (no boots)
MR     .....                    (no amulet)
Stlth  ++........               (no ring)
                                (no ring)

@: not resistant to hostile enchantments, unstealthy
A: unfitting armour, cold-blooded, AC +5
a: no special abilities


You were on level 2 of the Dungeon.
You were not hungry.

You visited 1 branch of the dungeon, and saw 2 of its levels.

You collected 27 gold pieces.

Inventory:

Hand Weapons
 i - a +0 short sword (weapon)
Scrolls
 c - a scroll of identify
 h - a scroll of immolation {unknown}
Potions
 e - a potion of beneficial mutation
 f - a potion of haste {unknown}
 j - a potion of flight {unknown}
Books
 a - a book of Flames

   Spells                             Type                      Level
   a - Flame Tongue                   Conjuration/Fire             1
   b - Throw Flame                    Conjuration/Fire             2
   c - Conjure Flame                  Conjuration/Fire             3
   d - Inner Flame                    Hexes/Fire                   3
   e - Sticky Flame                   Conjuration/Fire             4
   f - Fireball                       Conjuration/Fire             5
Comestibles
 b - a bread ration
 d - 6 chunks of flesh
 g - a meat ration


   Skills:
 + Level 0.7 Fighting
 + Level 2.2 Dodging
 + Level 1.8 Stealth
 + Level 0.4 Unarmed Combat
 + Level 2.2 Spellcasting
 + Level 1.4 Conjurations
 + Level 3.7 Fire Magic


You had 3 spell levels left.
You knew the following spells:

 Your Spells              Type           Power        Failure   Level  Hunger
a - Flame Tongue          Conj/Fire      #....        10%         1    #......
b - Throw Flame           Conj/Fire      #.....       12%         2    ###....


Dungeon Overview and Level Annotations

Branches:
Dungeon (2/15)

Altars:
Okawaru


Innate Abilities, Weirdness & Mutations

Your plain brown scales are hard. (AC +5)
Your body does not fit into most forms of armour.
You are cold-blooded and may be slowed by cold attacks.


Message History

You closely miss the gnoll.
Your tail-slap misses the gnoll.
The gnoll is moderately wounded.
The gnoll hits you with a club.
* * * LOW HITPOINT WARNING * * *
You hit the gnoll.
The gnoll is heavily wounded.
The gnoll closely misses you.
You hit the gnoll.
The gnoll is severely wounded.
The gnoll completely misses you.
You barely miss the gnoll. You tail-slap the gnoll.
The gnoll is almost dead.
The gnoll barely misses you.
You hit the gnoll but do no damage.
The gnoll is almost dead.
The gnoll hits you but does no damage.
You closely miss the gnoll.
The gnoll is almost dead.
The gnoll hits you with a club!
You die...

..........## #.#
.........## ####.#
#......(## #....#
##.#...(# #....## .
#..####)#####.....####..
#.## #.##......_.......
#.# #....####.....##. #.#
###..# ##....# #.# ##.#
#@...# . #.########.#
#g#### ..
.........#######.#####...
#.######.....#.#.........
#.# ####..............
#.# ####............ #.#
........###..... .#.#
#.###....## ##### #.#.#
#.#...##


You could see a gnoll.

Vanquished Creatures
  2 gnolls (D:2)
  An ooze (D:2)
  A worm (D:2)
  A dart slug (D:1)
  A giant cockroach (D:2)
  2 goblins (D:1)
  2 hobgoblins
  5 kobolds
  3 bats
  6 giant newts
  2 rats
26 creatures vanquished.

Notes
Turn   | Place    | Note
-------+----------+-------------------------------------------
     0 | D:1      | JeffiDaFish the Draconian Fire Elementalist began the quest for the Orb.
     0 | D:1      | Reached XP level 1. HP: 14/14 MP: 3/3
   358 | D:1      | Reached XP level 2. HP: 17/20 MP: 3/5
   843 | D:2      | Found an iron altar of Okawaru.
   975 | D:2      | Learned a level 2 spell: Throw Flame
   991 | D:2      | Reached XP level 3. HP: 26/26 MP: 0/6
  1093 | D:2      | Slain by a gnoll

Vault maps used:
D:1:      wheals_arrival_shading
D:2:      nicolae_overflow_crystal_walls, first_bread, minivault_23

Skill      XL: |  1  2 |
---------------+-------+-----
Dodging        | 2 |  2.2
Fighting       | |  0.7
Stealth        | |  1.8
Unarmed Combat | |  0.4
Spellcasting   | |  2.2
Conjurations   | |  1.4
Fire Magic     | |  3.7

Action                   || total
-------------------------++-------
Melee: Unarmed           ||    40
       Tailslap          ||     7
       Short sword       ||    45
 Cast: Flame Tongue      ||    26
       Throw Flame       ||     3
  Use: Scroll            ||     1
  Eat: Chunk             ||     1
Armor: Skin              ||    36
Dodge: Dodged            ||    81
